AoeStats
← Babe_Gutot

Nomad

504606240Analyzed
2v2 RM · 26d ago on Sep 5, 2026· 32m 38s· 4 players
Game mode
Random Map
Map size
176×176
Population
200
Speed
Normal
Resources
Standard
Victory
Conquest
Starting age
Dark Age
Ending age
Imperial Age
RankedLock teamsTeams togetherTeam positionsShared explorationLock speedFull tech treeHidden civsTurbo modeCheats
Victory
Defeat
🇪🇸 Turks · Spain
783
+35
🇮🇹 Persians · Italy
774
+14
🇮🇹 Chinese · Italy
749
-14
🇲🇰 Slavs · North Macedonia
734
-25
Babe_Gutot
15:41 Feudal Age
17:02 Wheelbarrow
16:21 Man-at-Arms
19:42 Double-Bit Axe
23:38 Gold Mining
23:38 Stone Mining
26:22 Castle Age
25:13 Bloodlines
26:40 Scale Mail Armor
27:41 Hand Cart
27:40 Bow Saw
27:14 Horse Collar
27:00 Long Swordsman
30:03 Husbandry
Ccliberty89
15:39 Feudal Age
16:57 Wheelbarrow
17:09 Man-at-Arms
26:07 Castle Age
25:21 Stone Mining
25:22 Gold Mining
25:49 Bloodlines
25:32 Fletching
27:08 Hand Cart
27:57 Long Swordsman
28:36 Horse Collar
29:21 Fervor
ArChAiuS I
17:12 Feudal Age
18:57 Double-Bit Axe
23:30 Castle Age
22:29 Stone Mining
26:10 Fletching
30:22 Gold Mining
TitoLoco107
9:53 Loom
16:44 Feudal Age
23:22 Horse Collar
23:56 Double-Bit Axe
25:31 Wheelbarrow
30:17 Town Watch
Connection lost

Rejoining the realm…

Still unreachable

The connection could not be restored.

Session expired

The server has moved on; the page needs a fresh start.